[Event "Swedish-ch MK-Elit 2022"]
[Site "Uppsala"]
[Date "2022.07.02"]
[Round "1.1"]
[White "Trost, Edvin"]
[Black "Ernst, Thomas"]
[Result "0-1"]
[ECO "D02"]
[WhiteElo "2345"]
[BlackElo "2289"]
[Annotator "TA"]
[PlyCount "40"]
[EventDate "2022.07.01"]
[EventType "tourn"]
[EventCountry "SWE"]
[SourceTitle "playchess.com"]
[Source "ChessBase"]
[SourceQuality "1"]
[TimeControl "40/5400+30:1800+30"]

1. d4 Nf6 2. Nf3 g6 3. Nbd2 d5 4. b4 Bg7 5. e3 a5 6. b5 {[%emt 0:00:07] D02: 1 d4 d5 2 Nf3 sidelines, including 2...Nf6 3 g3 and 2...Nf6 3 Bf4.} c5 7. bxc6 Nxc6 $1 {[%emt 0:00:12] 7...Nxc6 scores better than 7...bxc6.} 8. Be2 {[%emt 0:00:45] The position is equal.} O-O 9. O-O Ne4 10. Nxe4 dxe4 11. Nd2 e5 12. c3 {[%emt 0:14:00] [#]} ({Much weaker is} 12. Nxe4 exd4 13. Rb1 Qe7 $17) 12... exd4 $146 ({Predecessor:} 12... f5 13. a4 Be6 14. Ba3 Rf7 15. Rb1 Qh4 16. Nc4 exd4 17. cxd4 f4 18. d5 Rd7 {1-0 (42) Henderson de la Fuente,L (2491)-Wu,B (2123) Chess.com INT 2020}) 13. cxd4 f5 14. Rb1 Kh8 15. Nc4 f4 16. Nb6 ({Better is} 16. Ba3 $16) 16... f3 $1 $11 17. Bc4 $2 {[%emt 0:10:14][%mdl 8192] [#]} (17. Nxa8 $2 {loses.} Bh3 $1 18. Bxf3 exf3 $17) (17. gxf3 $11 Bh3 18. f4) 17... fxg2 $2 (17... Qh4 $1 $19 {[%cal Oh4g4] has better winning chances. ( -> ...Qg4!)} 18. Rb5 {[#]} (18. gxf3 exf3) 18... Qg4 $1) 18. Re1 $2 {[%emt 0:02:04] [#]} (18. Kxg2 $17 Qg5+ 19. Kh1) 18... Qh4 $1 $19 {[%emt 0:06:54][%csl Gf8][%cal Rh4f2] Black is clearly winning.} 19. Rb2 (19. Re2 Ne5) 19... Ne5 20. Nxc8 Raxc8 {[%emt 0:10:02] Weighted Error Value: White=0.82/Black=0.62} 0-1

[Event "Swedish-ch MK-Elit 2022"]
[Site "Uppsala"]
[Date "2022.07.02"]
[Round "1.2"]
[White "Engqvist, Thomas"]
[Black "Von Bahr, Oskar"]
[Result "1/2-1/2"]
[ECO "A05"]
[WhiteElo "2330"]
[BlackElo "2386"]
[Annotator "TA"]
[PlyCount "82"]
[EventDate "2022.07.01"]
[EventType "tourn"]
[EventCountry "SWE"]
[SourceTitle "playchess.com"]
[Source "ChessBase"]
[SourceQuality "1"]
[TimeControl "40/5400+30:1800+30"]

1. Nf3 Nf6 2. b3 g6 3. Bb2 Bg7 4. g3 O-O 5. Bg2 c5 6. c4 d6 7. O-O {[%emt 0:01:21] A05: Réti Opening: 1 Nf3 Nf6.} e5 8. e3 Nc6 9. d3 h6 10. Nc3 Be6 11. d4 exd4 12. exd4 {[%emt 0:00:47] [#] Black must now prevent d5.} d5 13. cxd5 (13. Na4 {seems wilder.} cxd4 14. Nxd4 Nxd4 15. Qxd4 dxc4 16. Nc5) 13... Nxd5 14. Na4 cxd4 15. Nxd4 Nxd4 16. Bxd4 b6 $1 17. Rc1 Rb8 18. Bxg7 Kxg7 {[%emt 0:00:09] [#]} 19. Qd4+ $146 ({Predecessor:} 19. Qd2 Nf6 20. Qb2 Rc8 21. Rxc8 Bxc8 22. Nc3 Kh7 23. Nb5 a6 24. Na7 Qd6 25. Qe2 {1-0 (49) Almasi,Z (2682)-Jacobs,F (2229) Stockholm 2016}) 19... Nf6 20. Qe5 Rc8 21. Rxc8 Qxc8 22. Nc3 Qb8 23. Qxb8 Rxb8 24. Nb5 a5 25. Nd4 Bd7 26. Rc1 Rc8 27. Rxc8 Bxc8 $11 {[%emt 0:00:06][%mdl 4096] Endgame KBN-KBN} 28. a3 Kf8 29. Kf1 Ke7 30. Bf3 Kd6 31. Ke2 Kc5 32. Kd3 Ba6+ 33. Kc3 Nd5+ 34. Bxd5 Kxd5 {[%emt 0:00:04] KB-KN} 35. f3 Bf1 36. Nc2 {[%emt 0:00:51] [#] Threatens to win with Ne3+.} Be2 37. Ne3+ Ke5 38. Nc4+ Kf5 39. Ne3+ Ke5 40. Nc4+ Kf5 41. Ne3+ Ke5 {[%emt 0:01:21] An uneventful encounter.  Weighted Error Value: White=0.04 (flawless) /Black=0.03 (flawless)} 1/2-1/2

[Event "Swedish-ch MK-Elit 2022"]
[Site "Uppsala"]
[Date "2022.07.02"]
[Round "1.3"]
[White "Thorn, Eric"]
[Black "Furhoff, Johan"]
[Result "1-0"]
[ECO "C99"]
[WhiteElo "2366"]
[BlackElo "2348"]
[Annotator "TA"]
[PlyCount "69"]
[EventDate "2022.07.01"]
[EventType "tourn"]
[EventCountry "SWE"]
[SourceTitle "playchess.com"]
[Source "ChessBase"]
[SourceQuality "1"]
[TimeControl "40/5400+30:1800+30"]

1. e4 e5 2. Nf3 Nc6 3. Bb5 a6 4. Ba4 d6 5. O-O Nf6 6. c3 b5 7. Bb3 Be7 8. Re1 O-O 9. h3 Na5 10. Bc2 c5 11. d4 Qc7 12. Nbd2 cxd4 13. cxd4 Bb7 14. d5 Rac8 15. Bd3 Ne8 {[%emt 0:12:09][%cal Of7f5] C99: Closed Ruy Lopez: Chigorin Defence: 11 d4 Qc7 12 Nbd2 cxd4.} 16. a4 {[%emt 0:20:55] [#]} Nc4 $146 (16... b4 $142) ({Predecessor:} 16... b4 17. Nf1 f5 18. exf5 Nc4 19. Ne3 Nxe3 20. fxe3 Qc5 21. Kh1 Qxd5 22. e4 Qf7 23. a5 {½-½ (68) Deforel,J (2192)-Hjorth,J (1970) ICCF email 2016}) 17. axb5 $16 axb5 {[%emt 0:10:30][%cal Of7f5] White is better.} 18. b3 Nxd2 19. Bxd2 ({Stronger than} 19. Nxd2 Qc3 20. Ra7 Qxd3 $17) 19... f5 20. Qb1 {[%emt 0:06:55] White is more active.} (20. Bxb5 $16 {Threatens to win with Rc1.} Nf6 21. exf5) 20... fxe4 21. Bxe4 Nf6 {[%emt 0:00:00] [#]} 22. Bf5 Ra8 $2 {[%emt 0:03:27] This move loses the game for Black.} (22... Bxd5 $16 {might work better.} 23. Rc1 Qb8) 23. Rxa8 $18 Bxa8 24. Be6+ Kh8 25. Rc1 Qd8 {[%emt 0:08:32] [#]} (25... Qa7 $142 26. Ng5 g6) 26. Ng5 $1 Qe8 27. Bb4 (27. Qd3 $142) 27... g6 $2 (27... h6 {is a better chance.}) 28. Rc8 Qxc8 29. Bxc8 Rxc8 {[%emt 0:00:23] [#]} 30. Bxd6 $1 Bxd6 31. Nf7+ Kg7 32. Nxd6 Rc5 (32... Rd8 $142 33. Nxb5 Bxd5) 33. Qa1 {[%emt 0:00:00][%csl LRa8,LRe5] Qa7+ would kill now.} Rxd5 34. Qa7+ Kh6 35. Nf7+ {[%emt 0:00:00] Weighted Error Value: White=0.16 (very precise) /Black=1.28} 1-0

[Event "Swedish-ch MK-Elit 2022"]
[Site "Uppsala"]
[Date "2022.07.02"]
[Round "1.4"]
[White "Wiedenkeller, Michael"]
[Black "Andersson, Tommy"]
[Result "1/2-1/2"]
[ECO "D08"]
[WhiteElo "2437"]
[BlackElo "2384"]
[Annotator "TA"]
[PlyCount "34"]
[EventDate "2022.07.01"]
[EventType "tourn"]
[EventCountry "SWE"]
[SourceTitle "playchess.com"]
[Source "ChessBase"]
[SourceQuality "1"]
[TimeControl "40/5400+30:1800+30"]

1. d4 d5 2. c4 e5 3. dxe5 d4 4. a3 Nc6 5. e3 Be6 6. Nf3 dxe3 7. Qxd8+ Rxd8 8. Bxe3 Nh6 {[%emt 0:00:17] D08: Albin Counter Gambit.} 9. Nc3 Nf5 10. Bg5 Be7 {[%emt 0:02:43] The position is equal.} 11. Bxe7 Kxe7 12. Be2 Nfd4 (12... h6 {looks sharper.} 13. O-O g5 14. Rfd1 g4) 13. Nxd4 Rxd4 {[%emt 0:00:56] [#]} 14. Nb5 $146 ({Predecessor:} 14. b3 Nxe5 15. O-O g5 16. Rfe1 f6 17. Bf1 Rhd8 18. Re3 c6 19. Rae1 Bf5 20. h3 Kf7 21. c5 R8d7 22. f3 Nd3 23. Bxd3 Rxd3 24. Kf2 {1-0 (65) Tregubov,P (2606)-Bjerke,S (2193) Bern 2014}) 14... Re4 {[%emt 0:09:12][%cal Oe4e2] Hoping for ...Rxe2+!} 15. Nc3 Rd4 16. Nb5 Re4 {[%emt 0:03:26][%cal Oe4e2] And now ...Rxe2+! would win.} 17. Nc3 Rd4 {[%emt 0:00:28] Not much happened in this game.  Weighted Error Value: White=0.05 (flawless) /Black=0.02 (flawless)} 1/2-1/2

[Event "Swedish-ch MK-Elit 2022"]
[Site "Uppsala"]
[Date "2022.07.02"]
[Round "1.5"]
[White "Johansson, Jan"]
[Black "Cederstam, Carl"]
[Result "0-1"]
[ECO "D37"]
[WhiteElo "2306"]
[BlackElo "2332"]
[Annotator "TA"]
[PlyCount "83"]
[EventDate "2022.07.01"]
[EventType "tourn"]
[EventCountry "SWE"]
[SourceTitle "playchess.com"]
[Source "ChessBase"]
[SourceQuality "1"]
[TimeControl "40/5400+30:1800+30"]

1. d4 d5 2. Nf3 e6 3. c4 a6 4. e3 Nf6 5. Nc3 Nbd7 6. cxd5 exd5 7. Bd3 {[%emt 0:04:55] D37: Queen's Gambit Declined: 5 Bf4.} Bd6 8. O-O O-O 9. Bd2 {[%emt 0:00:36] [#] The position is equal.} b6 $146 ({Predecessor:} 9... Re8 10. Rc1 Nb6 11. Qc2 Bg4 12. Ne1 h6 13. h3 Bd7 14. a4 Bc6 15. Nf3 Ne4 {½-½ (43) Bonfim,H (1941)-Machado,E (1787) Vitoria 2014}) 10. e4 dxe4 11. Nxe4 Be7 12. Re1 Bb7 13. Ng3 Re8 14. Bc4 b5 15. Qb3 bxc4 16. Qxb7 Qb8 17. Qc6 Qb5 {[%emt 0:17:36] Against Nf5} 18. Qxc7 Rac8 19. Qa5 Qxb2 20. Nf5 Bf8 {[%emt 0:11:01] And now ...c3 would win.} 21. Reb1 Qc2 22. Ne3 Qd3 23. Rd1 Ne4 (23... c3 $5 24. Be1 Qe2 $11) 24. Be1 (24. Qxa6 $11 Ndf6 25. Be1) 24... Qa3 $15 25. Qf5 Ndf6 {[%emt 0:01:10] Hoping for ...c3.} 26. Ne5 c3 {[%emt 0:02:23] [#] aiming for ...c2.} (26... Qa4 $5 27. Nd5 Qb5 28. Nxf6+ Nxf6 $11) 27. Rdc1 (27. N5c4 $11 {and White has nothing to worry.} Qe7 28. Rac1) 27... Qa4 $36 {[%emt 0:00:55][%mdl 2048] Black has strong initiative.} 28. Nc2 Red8 29. g4 (29. Qh3 $17 {was called for.}) 29... Nd6 30. Qf3 Nfe4 {[%emt 0:01:14] White must now prevent ...f6.} 31. Qf4 ({Reject} 31. Nxf7 Nd2 32. Bxd2 cxd2 33. Nxd8 dxc1=Q+ 34. Rxc1 Rxd8 $19) (31. Qd3 {keeps fighting.}) 31... Be7 {[%emt 0:00:25] ...Bg5 is the strong threat.} 32. Nf3 {[%emt 0:00:34] Against Bg5} Rb8 {[%emt 0:00:34] Strongly threatening ...Rb2.} 33. Ne3 $2 {[%emt 0:00:20] [#]} (33. h4) 33... g5 $1 34. Qe5 Bf6 35. Qd5 Rb5 36. Qc6 Rc8 37. Qd7 Rd8 $2 (37... Qa5 $19 {is more deadly.} 38. Ne5 Bxe5 39. dxe5 Rb7 40. Qxd6 Nxd6 41. exd6 Qe5) 38. Qc6 $17 Rc8 $2 {[%emt 0:00:35][%mdl 8192] Black is much more active.} (38... h6 $17 39. Nd5 (39. Bxc3 $2 Rc8 $19) 39... Bxd4 40. Nxd4 Qxd4 41. Nxc3 Nxc3 42. Rxc3 Qxg4+ 43. Rg3 Qd4) 39. Qd7 $19 Qa5 {[%emt 0:00:48] Black is clearly winning.} 40. Rab1 (40. Nd2 $142 cxd2 41. Rxc8+ Nxc8 42. Bxd2 Qxd2 43. Qe8+ Kg7 44. Qxe4) 40... Rc7 41. Rxb5 axb5 ({Weaker is} 41... Rxd7 42. Rxa5 Nb5 43. Rxa6 $18) 42. Nd5 {[%emt 0:00:00] Weighted Error Value: White=0.40/Black=0.38} 0-1

[Event "Swedish-ch MK-Elit 2022"]
[Site "Uppsala"]
[Date "2022.07.03"]
[Round "2.1"]
[White "Ernst, Thomas"]
[Black "Engqvist, Thomas"]
[Result "1/2-1/2"]
[ECO "B80"]
[WhiteElo "2289"]
[BlackElo "2330"]
[Annotator "TA"]
[PlyCount "76"]
[EventDate "2022.07.01"]
[EventType "tourn"]
[EventCountry "SWE"]
[SourceTitle "playchess.com"]
[Source "ChessBase"]
[SourceQuality "1"]
[TimeControl "40/5400+30:1800+30"]

1. e4 c5 2. Nf3 e6 3. d4 cxd4 4. Nxd4 Nc6 5. Nc3 d6 6. g3 Nf6 7. Bg2 Bd7 8. O-O Be7 9. Ndb5 Qb8 10. Bg5 a6 11. Bxf6 gxf6 12. Nd4 Qa7 {[%emt 0:01:46] B80: Sicilian Scheveningen: 6 g3 and 6 Be3, including English Attack.} 13. Nb3 ({White should try} 13. Nce2 $14) 13... Ne5 14. a4 Rc8 {[%emt 0:01:16] White is slightly better.} 15. Nd2 {[%emt 0:02:11] [#]} Qd4 $146 ({Predecessor:} 15... Qb6 16. Ra3 Rc5 17. Rb3 Qc7 18. Qe2 Qc8 19. f4 Nc4 20. Nxc4 Rxc4 21. Kh1 h5 {0-1 (49) Kizatbay,A (2135)-Lindberg,B (2401) Stockholm 2020}) 16. Qe2 Nc4 17. Nxc4 Qxc4 18. Qd2 Qc5 19. Rfd1 b5 20. axb5 axb5 21. Rdc1 O-O 22. Nd1 b4 23. c3 bxc3 24. Nxc3 {[%emt 0:00:22][%cal Oc3d5] Black must now prevent Nd5!} Qb6 25. Ra2 Bc6 26. Rca1 Bb7 27. Qh6 Ra8 {[%emt 0:10:04] [#]} (27... Rc4 $11) 28. Rxa8 (28. Nd5 $1 $16 Bxd5 29. exd5 Rxa2 30. Rxa2) 28... Rxa8 $11 {[%emt 0:00:08] The position is equal.} 29. Rxa8+ Bxa8 30. e5 Bxg2 31. exf6 {[%emt 0:00:21] [#]} Bxf6 32. Qxf6 {[%emt 0:00:14][%mdl 4096] Endgame aiming for Qg5+. KQB-KQN} Bb7 33. Qg5+ Kf8 34. Nd1 Qc6 35. Qd8+ Kg7 36. Qg5+ Kf8 37. Qd8+ Kg7 38. Qg5+ Kf8 {[%emt 0:00:06] Weighted Error Value: White=0.15 (very precise) /Black=0.13 (very precise)} 1/2-1/2

[Event "Swedish-ch MK-Elit 2022"]
[Site "Uppsala"]
[Date "2022.07.03"]
[Round "2.2"]
[White "Furhoff, Johan"]
[Black "Trost, Edvin"]
[Result "0-1"]
[ECO "B32"]
[WhiteElo "2348"]
[BlackElo "2345"]
[Annotator "TA"]
[PlyCount "58"]
[EventDate "2022.07.01"]
[EventType "tourn"]
[EventCountry "SWE"]
[SourceTitle "playchess.com"]
[Source "ChessBase"]
[SourceQuality "1"]
[TimeControl "40/5400+30:1800+30"]

1. e4 c5 2. Nf3 Nc6 3. d4 cxd4 4. Nxd4 e5 5. Nb5 d6 6. c4 Be6 $1 {[%emt 0:00:41][%mdl 4] is recently more successful than 6...Be7.} 7. N1c3 a6 8. Na3 g6 {[%emt 0:02:02] B32: Sicilian: Löwenthal and Kalashnikov Variations.} 9. Be2 Bg7 {[%emt 0:08:01] [#]} 10. Nd5 $146 ({Predecessor:} 10. O-O Rc8 11. Nc2 Nf6 12. Be3 O-O 13. b3 b5 14. cxb5 Ne7 15. Na4 Nxe4 16. bxa6 {0-1 (37) Chigaev,M (2639)-Henriquez Villagra,C (2608) Riga 2021}) 10... Nf6 {[%emt 0:11:00] The position is equal.} 11. Bg5 h6 12. Nxf6+ (12. Be3 {is interesting.} Qa5+ 13. Bd2 Qd8 14. f3) 12... Bxf6 13. Bxf6 Qxf6 14. Qxd6 $2 (14. O-O $11) 14... Rd8 $19 15. Qc5 Nd4 {[%emt 0:01:30][%cal Bc6d4,Bd4f3,Bf3d2][%mdl 32] Inhibits Nc2. Threatens to win with ...Qg5.} 16. Bd1 Qg5 $1 (16... Qf4 17. O-O $14) 17. Ba4+ $2 (17. O-O Bh3 18. g3) 17... b5 $1 18. cxb5 {[%emt 0:04:26] [#]} Nf3+ $1 19. Kf1 (19. gxf3 $2 Qd2+ 20. Kf1 Bh3+ 21. Kg1 Qg5#) 19... Nd2+ 20. Ke1 f5 $2 ({Black should play} 20... Rd4 $1 $19 21. bxa6+ (21. Qc6+ $2 Kf8 $19) 21... Rxa4) 21. exf5 $11 gxf5 $40 {[%emt 0:07:21][%mdl 128] Black attacks.} 22. Bd1 $2 {[%emt 0:03:54][%mdl 8192] [#]} (22. Qxe5 $2 Kf7 23. Qc7+ (23. bxa6 $2 Ne4 $19) 23... Rd7 $19) (22. bxa6+ $11 Kf7 23. Bc6 (23. Qxe5 $2 Ne4 $19)) 22... Rd5 $1 $19 (22... Ne4 23. Qe3 Qxe3+ 24. fxe3 $11) 23. Qc6+ (23. Qb6 {was the only chance.} Kf7 24. g3) 23... Kf7 24. g3 Qe7 {[%emt 0:01:54] aiming for ...Rc8. Really sharp!} ({Inferior is} 24... Ne4 25. Qc7+ Kf6 26. f4 exf4 27. Qxf4 $17) 25. Bh5+ $2 {[%emt 0:01:01] [#]} (25. Nc2 Rc8 26. Qxa6) 25... Kf6 $1 {[%emt 0:02:21] Hoping for ...Rc8.} 26. Qc3 Rc8 27. Qe3 f4 28. gxf4 Qb4 (28... exf4 $142 29. Qxf4+ Kg7 30. Rg1+ Bg4+ 31. Qe3 Nf3+ 32. Kf1 Nxh2+ 33. Kg2 Qxe3 34. fxe3 Rxh5 35. bxa6 Rf8) 29. f5 (29. fxe5+ Rxe5 30. Qxe5+ Kxe5 31. h4 Nb1+ 32. Kf1 Rc1+ 33. Kg2 Bd5+ 34. f3 Qd2+ 35. Kg3 Rxh1) 29... Kxf5 {[%emt 0:02:52] Weighted Error Value: White=0.67/Black=0.37} ({Don't blunder} 29... Nc4+ $2 30. Qc3 Qxc3+ 31. bxc3 $19) 0-1

[Event "Swedish-ch MK-Elit 2022"]
[Site "Uppsala"]
[Date "2022.07.03"]
[Round "2.3"]
[White "Von Bahr, Oskar"]
[Black "Wiedenkeller, Michael"]
[Result "1/2-1/2"]
[ECO "C67"]
[WhiteElo "2386"]
[BlackElo "2437"]
[Annotator "TA"]
[PlyCount "51"]
[EventDate "2022.07.01"]
[EventType "tourn"]
[EventCountry "SWE"]
[SourceTitle "playchess.com"]
[Source "ChessBase"]
[SourceQuality "1"]
[TimeControl "40/5400+30:1800+30"]

1. e4 e5 2. Nf3 Nc6 3. Bb5 Nf6 4. O-O Nxe4 5. Re1 Nd6 6. Nxe5 Be7 7. Bf1 Nxe5 8. Rxe5 O-O 9. d4 Bf6 10. Re1 Re8 {[%emt 0:05:33] C67: Ruy Lopez: Berlin Defence: 4 0-0 Nxe4.} 11. Bf4 Rxe1 12. Qxe1 Ne8 13. Nc3 Bxd4 14. Nd5 {[%emt 0:00:39] [#] Threatens to win with Qe4.} d6 15. Bg5 Bf6 ({Black should play} 15... f6 $11 16. Be3 Bxb2) 16. Bxf6 Nxf6 17. Nxf6+ gxf6 18. Qe4 f5 19. Qf3 Qf6 20. Re1 {[%emt 0:04:34] [#] Black must now prevent Re8+.} Kf8 {[%emt 0:01:12] [#] Prevents Re8+.} 21. Bb5 $146 ({Predecessor:} 21. b3 c6 22. Qf4 Bd7 23. Rd1 Ke7 24. g3 b6 {½-½ (24) Solak,D (2635)-Georgiev,K (2608) Kragujevac 2016}) 21... c6 {[%emt 0:00:13] The position is equal.} 22. Bxc6 bxc6 23. Qxc6 Rb8 24. Qc7 Ra8 {[%emt 0:00:44] And now ...Kg7 would win.} 25. Qc6 Rb8 {[%emt 0:00:17] ...Kg7 is the strong threat.} 26. Qc7 {[%emt 0:03:29][%csl LRa7,LRb8] Weighted Error Value: White=0.05 (flawless) /Black=0.09 (flawless)} 1/2-1/2

[Event "Swedish-ch MK-Elit 2022"]
[Site "Uppsala"]
[Date "2022.07.03"]
[Round "2.4"]
[White "Johansson, Jan"]
[Black "Thorn, Eric"]
[Result "1-0"]
[ECO "A43"]
[WhiteElo "2306"]
[BlackElo "2366"]
[Annotator "TA"]
[PlyCount "163"]
[EventDate "2022.07.01"]
[EventType "tourn"]
[EventCountry "SWE"]
[SourceTitle "playchess.com"]
[Source "ChessBase"]
[SourceQuality "1"]
[TimeControl "40/5400+30:1800+30"]

1. d4 Nf6 2. Nf3 c5 3. d5 b5 4. a4 b4 5. Bg5 g6 6. Nbd2 {[%emt 0:12:19] A43: Schmid Benoni.} Bg7 7. e4 O-O (7... h6 $5 8. Be3 d6 $11) 8. Bd3 {[%emt 0:09:49] [#] The position is equal.} Ba6 $146 ({Predecessor:} 8... d6 9. Nc4 h6 10. Bh4 Nbd7 11. Nfd2 Nb6 12. O-O e6 13. dxe6 Bxe6 14. Re1 Qc7 {0-1 (44) Indjic,A (2607)-Salem,A (2682) Krasnaya Polyana 2021}) 9. O-O Qc8 (9... c4 $5 10. Bxc4 (10. Nxc4 Bxc4 11. Bxc4 Nxe4 $11) 10... Bxc4 11. Nxc4 Nxe4 $14) 10. Re1 c4 11. Bf1 e6 (11... Re8 $14) 12. Bxf6 $16 Bxf6 13. e5 Bg7 14. Ne4 Qc7 (14... c3 $1 $14) 15. Qd4 $36 {[%emt 0:02:20][%mdl 2048] And now Nf6+ would win. White has strong initiative. White is more active.} exd5 {[%emt 0:09:45] [#]} (15... c3 $16) 16. Qxd5 (16. Nf6+ $1 $18 Bxf6 17. exf6) 16... Nc6 17. Nc5 {[%emt 0:00:15] Pair of Knights!} (17. Bxc4 $6 Bxc4 18. Qxc4 Bxe5 $14) 17... Qa5 {[%emt 0:01:41] [#]} 18. Rad1 $1 Ne7 (18... Rac8 $16 {keeps fighting.} 19. Nxa6 (19. Bxc4 $2 Bxc4 20. Qxc4 Nxe5 $19) (19. Nxd7 Qxd5 20. Rxd5 Rfd8 $16) 19... Qxa6) 19. Qd6 $18 Nf5 20. Qxa6 Qxc5 21. Bxc4 Rac8 22. Bb3 Rc6 23. Qd3 Rc7 24. Qe4 Qe7 25. Rd5 Re8 26. Rb5 d6 (26... Bf8 {was necessary.} 27. Qd5 Ng7 28. Rxb4 Ne6) 27. exd6 (27. Rxb4 dxe5 28. c3 Rd7 $16) (27. e6 $18 {is the precise move to win.} fxe6 28. Bxe6+ Qxe6 29. Qxe6+ Rxe6 30. Rxe6 Bxb2 31. Rxb4) 27... Qxe4 (27... Nxd6 $16 {was worth a try.} 28. Qxe7 (28. Qxb4 Qxe1+ 29. Nxe1 Bc3 $15) 28... Rcxe7 29. Rxe7 Rxe7) 28. Rxe4 Nxd6 29. Rxe8+ Nxe8 30. Rxb4 Kf8 31. c3 Nd6 32. Kf1 a5 33. Rb8+ Ke7 34. Ke2 Nb7 35. Bc2 h6 36. Ra8 Kd6 (36... Nd6 $142 37. Ne1 (37. Rxa5 Rb7 $18) 37... Nc4) 37. Nd2 Kc5 38. Ne4+ Kb6 39. Re8 {[%emt 0:00:53] Prevents Re7.} Kc6 40. Ra8 $2 ({White should play} 40. Nd2 $18) 40... Re7 $2 (40... Kb6 $1 $11 {and Black stays safe.}) 41. Kf3 Rd7 42. Ke2 Re7 $1 43. Ra6+ Kc7 44. Kd1 Be5 45. g3 Kc8 46. f4 Bc7 47. Nf6 h5 (47... Nc5 {was called for.}) 48. Bb3 Nc5 49. Ra8+ Bb8 50. Bc4 Kb7 51. Bd5+ Kc8 52. Rxa5 Nd3 53. Rb5 Ba7 54. a5 Bg1 55. a6 Nf2+ 56. Kd2 Ng4 57. Bb7+ Kb8 58. Bf3+ Ka7 59. Bxg4 {[%emt 0:02:34] Strongly threatening Bc8.} hxg4 (59... Kxa6 $142 60. Re5 Rxe5 61. Bc8+ Kb6 62. fxe5 Bxh2) 60. Rb7+ Rxb7 61. axb7 Bxh2 62. Nxg4 Bxg3 {[%emt 0:00:06][%mdl 4096] Endgame KB-KN} 63. Ke3 f5 64. Kf3 Bh4 65. Ne5 g5 66. fxg5 $2 (66. b8=Q+ $18 Kxb8 67. Nc6+ Kc7 68. Nd4 gxf4 69. Kxf4) 66... Bxg5 $16 67. Nf7 Bc1 68. b3 {[%emt 0:00:08] White wants to mate with Nd6.} Bb2 $2 (68... Kxb7 $16 69. Nd6+ Kc6 70. Nxf5 Bb2) 69. c4 Kxb7 70. Nd6+ $2 ({White must play} 70. Kf4 $18 Kc6 71. Ne5+ (71. Kxf5 Kc5 $11) 71... Kc7 72. Nd3) 70... Kc6 $14 71. Nxf5 {[%emt 0:00:17] Threatening mate with Ne3.} Kc5 72. Ke4 {[%emt 0:00:07] Hoping for Kd3.} Kb4 73. Nd4 {[%emt 0:00:08] Kd3 is the strong threat.} Bc3 74. Kd5 Bd2 $1 75. c5 Bf4 76. c6 Bb8 77. Ne6 Kxb3 78. Kc5 Kc3 79. Kb6 Kc4 $2 (79... Kd3 $14) 80. Nc7 {[%emt 0:00:06] White mates.} Kd4 81. Kb7 Kc5 82. Na6+ {[%emt 0:00:05] Weighted Error Value: White=0.35/Black=0.39} 1-0

[Event "Swedish-ch MK-Elit 2022"]
[Site "Uppsala"]
[Date "2022.07.03"]
[Round "2.5"]
[White "Cederstam, Carl"]
[Black "Andersson, Tommy"]
[Result "1/2-1/2"]
[ECO "B84"]
[WhiteElo "2332"]
[BlackElo "2384"]
[Annotator "TA"]
[PlyCount "92"]
[EventDate "2022.07.01"]
[EventType "tourn"]
[EventCountry "SWE"]
[SourceTitle "playchess.com"]
[Source "ChessBase"]
[SourceQuality "1"]
[TimeControl "40/5400+30:1800+30"]

1. e4 c5 2. Nf3 d6 3. d4 cxd4 4. Nxd4 Nf6 5. Nc3 a6 6. Be2 e6 7. O-O Be7 8. Be3 O-O 9. Qd2 Qc7 10. a4 {[%emt 0:05:44] B84: Sicilian Scheveningen: 6 Be2 a6, lines without early Be3.} b6 11. f4 Bb7 12. Bf3 $1 Nbd7 13. g4 Nc5 14. Qg2 d5 $1 15. exd5 Nxd5 16. Nxd5 exd5 17. Nf5 Ne4 {[%emt 0:08:19] [#]} 18. Nxe7+ $146 ({Predecessor:} 18. Bxe4 dxe4 19. Nxe7+ Qxe7 20. f5 f6 21. Rfd1 b5 22. axb5 axb5 23. Rxa8 Bxa8 24. Qe2 {1-0 (53) Moskalenko,A (2514)-Gordievsky,D (2611) Chess.com INT 2017}) 18... Qxe7 19. Bd4 b5 20. axb5 axb5 21. Qe2 Bc6 22. Qe3 Rfe8 23. b3 Qd7 24. Rxa8 Bxa8 25. Re1 h6 26. Re2 Bc6 27. Bb2 f6 28. Qd4 Qc7 29. Bc1 Kh7 30. Kg2 Bb7 31. Qd3 Qc6 32. Bb2 (32. Qd4 $11) 32... b4 $1 $15 {[%emt 0:00:43] Threatens to win with ...Ba6.} 33. Bxe4+ (33. Re1 $15) 33... Rxe4 $19 ({And not} 33... dxe4 34. Qe3 $17) 34. Rxe4 (34. Rd2 {might work better.}) 34... dxe4 $15 {[%emt 0:00:07][%mdl 4096] Endgame KQB-KQB} 35. Qc4 Qd7 {[%emt 0:00:54] And now ...e3+ would win.} 36. Qe2 (36. Kf2 Qd2+ 37. Kf1) 36... f5 $2 ({Better is} 36... e3+ $1 $19 37. Kf1 Ba6 $1 38. Qxa6 Qd1+ 39. Kg2 e2) 37. gxf5 $2 {[%emt 0:00:44][%mdl 8192] [#]} (37. Kg3 $11) 37... Qxf5 $2 (37... e3+ $1 $19 38. Kh3 Qxf5+ 39. Kg3 Qg6+ 40. Kh4 Bc8) 38. Qe3 $11 {[%emt 0:00:12] The position is equal.} Qh5 39. Kg3 Qg6+ 40. Kf2 Qc6 41. c4 bxc3 42. Bxc3 Qg6 43. Qg3 Qf7 44. Ke3 g6 45. f5 gxf5 46. Qe5 f4+ {[%emt 0:06:16] Weighted Error Value: White=0.53/Black=0.36} 1/2-1/2